 Dungeon Crawl Stone Soup version 0.27.1-1-g398f81649c (webtiles) character file.

Game seed: 717391050654043230

452 ZARRMARR the Sneak (level 7, 0/45 HPs)
             Began as an Octopode Conjurer on Sept 5, 2021.
             Slain by Duvessa (12 damage)
             ... on level 4 of the Dungeon.
             The game lasted 00:24:32 (5234 turns).

ZARRMARR the Sneak (Octopode Conjurer)              Turns: 5234, Time: 00:24:32

Health: 0/45       AC:  1    Str:  6    XL:     7   Next: 5%
Magic:  8/13       EV: 17    Int: 22    God:
Gold:   207        SH:  0    Dex: 11    Spells: 10/14 levels left

rFire    . . .     SeeInvis .   i - +4 mace (freeze)
rCold    . . .     Faith    .   (no shield)
rNeg     . . .     Spirit   .   (helmet restricted)
rPois    .         Reflect  .   (no amulet)
rElec    .         Harm     .   h - +4 ring of evasion
rCorr    .         Rampage  .   (no ring)
Will     .....                  (no ring)
Stlth    ++++......             (no ring)
HPRegen  0.15/turn              (no ring)
MPRegen  0.13/turn              (no ring)
                                (no ring)
                                (no ring)

@: no status effects
A: almost no armour, amphibious, 8 rings, camouflage 1, gelatinous body 1,
(nimble swimmer 1), tentacles
a: no special abilities


You were on level 4 of the Dungeon.
You visited 1 branch of the dungeon, and saw 4 of its levels.

You collected 207 gold pieces.

Inventory:

Hand Weapons
 i - a +4 mace of freezing (weapon)
Jewellery
 h - a +4 ring of evasion (left tentacle)
Wands
 j - a wand of iceblast (11)
Scrolls
 b - a scroll of noise
 e - a scroll of teleportation
 f - a scroll of fear {unknown}
 g - a scroll of enchant armour {unknown}
Potions
 a - 2 potions of curing
 d - a potion of flight {unknown}


   Skills:
 - Level 2.1 Fighting
 - Level 3.1 Dodging
 - Level 4.5 Stealth
 + Level 4.1 Spellcasting
 - Level 4.0 Conjurations
 - Level 1.8 Hexes
 + Level 2.8 Ice Magic


You had 10 spell levels left.
You knew the following spells:

 Your Spells              Type           Power      Damage    Failure   Level
a - Magic Dart            Conj           88%        1d7       2%          1
b - Tukima's Dance        Hex            12%        N/A       16%         3

Your spell library contained the following spells:

 Spells                   Type           Power      Damage    Failure   Level
 Searing Ray              Conj           44%        3d4       3%          2
 Corona                   Hex            13%        N/A       5%          1
 Ensorcelled Hibernation  Hex/Ice        28%        N/A       6%          2
 Dazzling Flash           Conj/Hex       34%        N/A       10%         3
 Fulminant Prism          Conj/Hex       8%         3d7       32%         4
 Iskenderun's Mystic Bla  Conj/Tloc      13%        2d5       43%         4
 Summon Ice Beast         Ice/Summ       10%        N/A       52%         4
 Animate Dead             Necr           2%         N/A       73%         4
 Haunt                    Necr/Summ      2%         N/A       100%        7
 Ozocubu's Refrigeration  Ice            8%         4d6       100%        7
 Infestation              Necr           2%         N/A       100%        8
 Polar Vortex             Ice            8%         N/A       100%        9


Dungeon Overview and Level Annotations

Branches:
Dungeon (4/15)
 Temple: D:4-7

Altars:
Ashenzari
Dithmenos
Uskayaw
Vehumet

Shops:
D:3 [=:

Annotations:
D:3 2 transporters, nxtlvl's ghost, weakling TrAK
D:4 Dowan; Duvessa; Menkaure


Innate Abilities, Weirdness & Mutations

You cannot wear most types of armour.
You are amphibious.
You can wear up to eight rings at the same time.
Your skin changes colour to match your surroundings (Stealth+).
Your rubbery body absorbs attacks. (AC +1, EV +1)
((You are camouflaged near water. (Stealth+)))
You have tentacles for arms and can constrict up to eight enemies at once.


Message History

You squeeze Duvessa, but do no damage.
Duvessa is lightly wounded.
Duvessa hits you with a +0 short sword.
You hit Duvessa but do no damage. You grab Duvessa.
You squeeze Duvessa, but do no damage.
Duvessa is lightly wounded.
You constrict Duvessa, but do no damage.
Duvessa closely misses you. Duvessa hits you with a +0 short sword!
You hit Duvessa but do no damage. You squeeze Duvessa, but do no damage.
Duvessa is lightly wounded.
You constrict Duvessa. Duvessa hits you with a +0 short sword!
It was a potion of heal wounds.
You feel much better.
You constrict Duvessa, but do no damage.
Duvessa misses you.
You hit Duvessa. You freeze Duvessa.
Duvessa is moderately wounded.
You constrict Duvessa, but do no damage.
Duvessa closely misses you.
Duvessa says, "My weaknesses are his strengths!"
Duvessa hits you with a +0 short sword.
You hit Duvessa. You freeze Duvessa.
Duvessa is moderately wounded.
You constrict Duvessa, but do no damage.
Duvessa hits you with a +0 short sword!
You hit Duvessa but do no damage.
Duvessa is moderately wounded.
You constrict Duvessa. Duvessa completely misses you.
You hit Duvessa but do no damage.
Duvessa is moderately wounded.
You constrict Duvessa, but do no damage.
Duvessa barely misses you. Duvessa misses you.
You sock Duvessa! You freeze Duvessa.
Duvessa is severely wounded.
You constrict Duvessa. Duvessa hits you with a +0 short sword!
You hit Duvessa but do no damage.
Duvessa is almost dead.
You constrict Duvessa. Duvessa hits you with a +0 short sword!
* * * LOW HITPOINT WARNING * * *
Duvessa hits you with a +0 short sword!
You die...

##....<<..
###.........
###>....######
########...#.###
###........###.#
#...######## #.#
#.### #.# # #...#
####### #.# .
#....## #.@e..##
#.# ##. ....##.
##.##).###.# #..
#.. #.
#)###..##.######.#
#$ ..
#.............##.#
. .#
#######..o###.....
M# ###...#.....
#.#.......
#.####....
##.####..#.


You could see Duvessa.

Vanquished Creatures
  A black bear (D:4)
  4 wights (D:3)
  Natasha (thrice) (D:2)
  Terence (D:2)
  3 adders
  A gnoll (D:1)
  2 dart slugs
  4 orcs (D:4)
  5 ball pythons
  7 bats
  6 endoplasms
  2 giant cockroaches (D:3)
  4 goblins
  5 hobgoblins
  5 jackals
  4 kobolds
  4 quokkas
  4 frilled lizards
  5 rats
70 creatures vanquished.

Vanquished Creatures (others)
  A dancing weapon (D:3)
1 creature vanquished.

Grand Total: 71 creatures vanquished

Notes
Turn   | Place    | Note
-------+----------+-------------------------------------------
     0 | D:1      | ZARRMARR the Octopode Conjurer began the quest for the Orb.
     0 | D:1      | Reached XP level 1. HP: 11/11 MP: 3/3
    70 | D:1      | Reached XP level 2. HP: 5/18 MP: 0/5
   305 | D:1      | Found a faded altar of an unknown god.
   447 | D:1      | Reached skill level 1 in Fighting
   767 | D:1      | Reached XP level 3. HP: 23/23 MP: 4/6
  1631 | D:2      | Noticed Natasha
  1641 | D:2      | Killed Natasha
  1642 | D:2      | Reached XP level 4. HP: 6/28 MP: 2/7
  1726 | D:2      | Noticed Natasha
  2156 | D:2      | Learned a level 3 spell: Tukima's Dance
  2274 | D:2      | Noticed Terence
  2289 | D:2      | Killed Terence
  2497 | D:2      | Killed Natasha
  2498 | D:2      | Reached XP level 5. HP: 25/34 MP: 3/9
  2510 | D:2      | Noticed Natasha
  2526 | D:2      | Killed Natasha
  2527 | D:2      | Reached skill level 1 in Hexes
  3044 | D:2      | Found a radiant altar of Vehumet.
  3413 | D:3      | Noticed a necrophage
  3492 | D:3      | Found a transporter.
  3511 | D:3      | Noticed nxtlvl's ghost (weakling TrAK)
  3523 | D:3      | Found a transporter.
  3646 | D:3      | Found Xemoiq's Book Shoppe.
  3646 | D:3      | Found Nathrufe's Jewellery Shoppe.
  3729 | D:3      | Got the Reference Book on the Glacier
  4023 | D:3      | Found Guplocum's Antique Armour Shop.
  4157 | D:3      | Reached skill level 1 in Ice Magic
  4157 | D:3      | Reached XP level 6. HP: 39/39 MP: 3/10
  4760 | D:4      | Noticed a black bear
  4881 | D:4      | Noticed Menkaure
  4924 | D:4      | Killed a black bear
  4925 | D:4      | Reached XP level 7. HP: 40/45 MP: 8/13
  5115 | D:4      | Found a radiant altar of Vehumet.
  5115 | D:4      | Found a hide-covered altar of Uskayaw.
  5117 | D:4      | Found a shadowy altar of Dithmenos.
  5117 | D:4      | Found a broken altar of Ashenzari.
  5165 | D:4      | Noticed Dowan
  5166 | D:4      | Noticed Duvessa
  5234 | D:4      | Slain by Duvessa

Illustrated notes

Levels and vault maps discovered:
D:1:      minmay_arrival_split_and_join, layout_basic,
          hellmonk_ecumenical_altar_pennies_from_heaven
D:2:      layout_loops_ring, basic_altar, uniq_terence, uniq_natasha
D:3:      layout_basic, gammafunk_ghost_mausoleum, serial_shops,
          nicolae_shop_trees, shop, shop, minmay_randomly_rotated_circles
D:4:      layout_rooms, mainiacjoe_overflow_alcove_3,
          mainiacjoe_overflow_large_starburst, minmay_temple_entry_mini_moons,
          uniq_duvessa, uniq_menkaure

Skill      XL: |  1  2  3  4  5  6 |
---------------+-------------------+-----
Stealth        | 3 4 |  4.5
Fighting       | 1 2 |  2.1
Dodging        | 3 |  3.1
Hexes          | 1 |  1.8
Spellcasting   | 3 4 |  4.1
Ice Magic      | 1 2 |  2.8
Conjurations   | |  4.0

Action                   |  1- 3 |  4- 6 |  7- 9 || total
-------------------------+-------+-------+-------++-------
Melee: Unarmed           |    29 |    38 |       ||    67
       Constrict         |     6 |    12 |     2 ||    20
       Tentacles         |     3 |    10 |     3 ||    16
       Mace              |       |    16 |    14 ||    30
 Cast: Magic Dart        |    48 |    93 |    17 ||   158
       Tukima's Dance    |       |     3 |     1 ||     4
  Use: Scroll            |     3 |     2 |       ||     5
       Potion            |       |     2 |     1 ||     3
 Stab: Sleeping          |       |     1 |       ||     1
Armor: Skin              |       |     8 |       ||     8
Dodge: Dodged            |    29 |    45 |    12 ||    86
